 Dungeon Crawl Stone Soup version 0.21-a0-265-gb353147 (webtiles) character file.

28 sausage the Skirmisher (level 3, -1/33 HPs)
             Began as a Minotaur Berserker on Sept 10, 2017.
             Was a Believer of Trog.
             Slain by a gnoll
             ... wielding a +0 spear
              (2 damage)
             ... on level 2 of the Dungeon.
             The game lasted 00:03:00 (925 turns).

sausage the Skirmisher (Minotaur Berserker)          Turns: 925, Time: 00:03:00

Health: -1/33      AC:  3    Str: 22    XL:     3   Next: 0%
Magic:  2/2        EV: 11    Int:  4    God:    Trog [**....]
Gold:   64         SH:  3    Dex:  9    Spells: 2/2 levels left

rFire    . . .     SeeInvis .   a - +0 mace
rCold    . . .     Gourm    .   e - +0 buckler
rNeg     . . .     Faith    .   g - +0 leather armour
rPois    +         Spirit   .   (helmet restricted)
rElec    .         Reflect  .   (no cloak)
rCorr    .         Harm     .   (no gloves)
MR       .....                  (no boots)
Stlth    +.........             (no amulet)
HPRegen  0.11/turn              n - ring of poison resistance
MPRegen  0.08/turn              (no ring)

@: no status effects
A: retaliatory headbutt, horns 2
a: Berserk, Trog's Hand, Burn Spellbooks, Renounce Religion


You were on level 2 of the Dungeon.
You worshipped Trog.
Trog was pleased with you.
You were not hungry.

You visited 1 branch of the dungeon, and saw 2 of its levels.

You collected 64 gold pieces.

Inventory:

Hand Weapons
 a - a +0 mace (weapon)
Armour
 e - a +0 buckler (worn)
 g - a +0 leather armour (worn)
Jewellery
 n - a ring of poison resistance (left hand)
Scrolls
 i - 2 scrolls of identify {unknown}
 j - a scroll of remove curse {unknown}
 l - 2 scrolls of enchant armour {unknown}
 m - a scroll of blinking {unknown}
Potions
 f - a potion of cancellation {unknown}
 h - a potion of curing {unknown}
 k - a potion of flight {unknown}
 o - a potion of resistance {unknown}
Comestibles
 b - 2 chunks of flesh
 c - 3 bread rations
 d - 3 meat rations
 p - 4 fruits


   Skills:
 + Level 4.1 Fighting
 + Level 4.1 Maces & Flails
 + Level 2.4 Armour
 + Level 2.3 Dodging
 * Level 1.6 Shields


You had 2 spell levels left.
You didn't know any spells.

Dungeon Overview and Level Annotations

Branches:
Dungeon (2/15)

Altars:


Innate Abilities, Weirdness & Mutations

You reflexively headbutt those who attack you in melee.
You have a pair of horns on your head.


Message History

2 gnolls come into view.
The gnoll hits you with a spear.
Found a royal jelly.
Found an escape hatch in the ceiling.
A rat comes into view.
You closely miss the gnoll. The gnoll hits you with a spear.
A gnoll shaman comes into view. It is wielding a club.
You closely miss the gnoll.
The gnoll shaman shouts!
Your headbutt misses the gnoll. The gnoll closely misses you.
You thump the gnoll!
The gnoll is almost dead.
The gnoll hits you with a whip! The gnoll hits you with a spear.
You barely miss the gnoll.
The gnoll is almost dead.
The gnoll hits you with a whip! The gnoll hits you with a spear!
* * * LOW HITPOINT WARNING * * *
You are too injured to fight recklessly!
You are too injured to fight recklessly!
The gnoll hits you from afar with a spear.
You die...

#...#.>......... ...
#.#...##.#.###.#.###.####
#........#...#.#......%..
############.........#
.......)...†....#
########........#
#........# #.S......#
#.gg@..(.# ....gg########
...gr## ..... ... .< %


You could see a gnoll shaman, 4 gnolls and an adder.

Vanquished Creatures
  2 dart slugs (D:1)
  A ball python (D:1)
  3 bats (D:2)
  3 hobgoblins
  5 kobolds (D:1)
  4 frilled lizards (D:1)
  5 goblins (D:1)
  2 rats (D:1)
25 creatures vanquished.

Notes
Turn   | Place    | Note
-------+----------+-------------------------------------------
     0 | D:1      | sausage the Minotaur Berserker began the quest for the Orb.
     0 | D:1      | Reached XP level 1. HP: 19/19 MP: 0/0
   199 | D:1      | Reached skill level 1 in Shields
   199 | D:1      | Reached XP level 2. HP: 27/27 MP: 1/1
   865 | D:2      | Reached ** piety under Trog
   898 | D:2      | Reached XP level 3. HP: 33/33 MP: 2/2
   924 | D:2      | HP: 1/33 [gnoll/spear (11)]
   925 | D:2      | Slain by a gnoll

Vault maps used:
D:1:      dpeg_arrival_tiny_i, minivault_24
D:2:      yredelemnul_forgotten_temple_becter, marbit_many_paths,
          corexii_corridor_pit, minmay_stone_trees_small

Skill      XL: |  1  2 |
---------------+-------+-----
Shields        | 1 |  1.6
Fighting       | 4 |  4.1
Maces & Flails | 4 |  4.1
Armour         | |  2.4
Dodging        | |  2.3

Action                   || total
-------------------------++-------
Melee: Mace              ||    64
       Headbutt          ||     6
Armor: Animal skin       ||     5
       Leather armour    ||    13
Dodge: Dodged            ||    40
Block: Buckler           ||     7

Table legend:
 A = Spawn XP
 B = Non-spawn XP
 C = Spawn XP percentage of total XP
 D = Spawn monster count
 E = Non-spawn monster count
 F = Spawn count percentage of total count
 G = Total turns spent on level
                    A         B        C        D         E        F      G
               +---------+---------+-------+---------+---------+-------+---------
         Total |       0 |      41 |   0.0 |       0 |      25 |   0.0 |   925
               +---------+---------+-------+---------+---------+-------+---------
           D:1 |       0 |      35 |   0.0 |       0 |      21 |   0.0 |   858
           D:2 |       0 |       6 |   0.0 |       0 |       4 |   0.0 |    67
               +---------+---------+-------+---------+---------+-------+---------
